 Dungeon Crawl Stone Soup version 0.30-a0-972-gf3ab3527aa (webtiles) character file.

Game seed: 229744650176377058

45 voltaire321 the Stinger (level 3, -4/26 HPs)
             Began as a Merfolk Venom Mage on Mar 31, 2023.
             Slain by Terence
             ... wielding a +0 flail
              (9 damage)
             ... on level 2 of the Dungeon.
             The game lasted 00:02:44 (1010 turns).

voltaire321 the Stinger (Merfolk Venom Mage)        Turns: 1010, Time: 00:02:44

Health: -4/26      AC:  2    Str: 10    XL:     3   Next: 64%
Magic:  5/6        EV: 13    Int: 14    God:
Gold:   51         SH:  0    Dex: 14    Spells: 5/6 levels left

rFire   . . .      SeeInvis .    d - +1 short sword (venom)
rCold   . . .      Faith    .    (no shield)
rNeg    . . .      Spirit   .    a - +0 robe
rPois   .          Reflect  .    (no helmet)
rElec   .          Rampage  .    (no cloak)
rCorr   .                        (no gloves)
Will    .....                    (no boots)
Stlth   ++                       (no amulet)
HPRegen 0.24/turn                (no ring)
MPRegen 0.10/turn                (no ring)

@: no status effects
A: (nimble swimmer 2), mertail
a: no special abilities


You were on level 2 of the Dungeon.
You visited 1 branch of the dungeon, and saw 2 of its levels.

You collected 51 gold pieces.

Inventory:

Hand Weapons
 d - a +1 short sword of venom (weapon)
Armour
 a - a +0 robe (worn)
Scrolls
 c - a scroll of poison {unknown}
 f - a scroll of teleportation {unknown}
 h - a scroll of identify {unknown}
 k - a scroll of noise {unknown}
 m - a scroll of magic mapping {unknown}
Potions
 b - a potion of magic
 e - a potion of lignification {unknown}
 g - a potion of mutation {unknown}
 i - a potion of degeneration {unknown}
 j - a potion of resistance {unknown}
 l - a potion of ambrosia {unknown}


   Skills:
 + Level 1.1 Fighting
 + Level 0.5 Armour
 + Level 3.1 Dodging
 - Level 2.1 Stealth
 + Level 2.4 Spellcasting
 + Level 2.2 Transmutations
 + Level 3.6 Poison Magic


You had 5 spell levels left.
You knew the following spells:

 Your Spells              Type           Power      Damage    Failure   Level
a - Sting                 Tmut/Pois      36%        1d4       7%          1

Your spell library contained the following spells:

 Spells                   Type           Power      Damage    Failure   Level
 Poisonous Vapours        Pois/Air       12%        N/A       16%         2
 Mephitic Cloud           Conj/Pois/Air  5%         N/A       38%         3
 Olgreb's Toxic Radiance  Pois           11%        N/A       45%         4


Dungeon Overview and Level Annotations

Branches:
Dungeon (2/15)

Altars:
Dithmenos

Annotations:
D:2 Terence


Innate Abilities, Weirdness & Mutations

((You are very nimble when in or above water. (Stealth+, EV+, Speed+++)))
Your lower body shifts to a powerful aquatic tail in water.


Message History

The goblin misses you.
Aiming: Sting (safe; 7% risk of failure)
Press: ? - help, Q - select action Shift-Dir - straight line, f - goblin
Aim: a goblin, wielding a +0 club (60% to hit)
The sting misses the goblin.
The goblin barely misses you.
Aiming: Sting (safe; 7% risk of failure)
Press: ? - help, Q - select action Shift-Dir - straight line, f/p - goblin
Aim: a goblin, wielding a +0 club (60% to hit)
The sting misses the goblin.
The goblin misses you.
You miss the goblin. The goblin closely misses you. Terence misses you.
The rat bites you.
You hit Terence but do no damage.
Terence is poisoned.
The goblin hits you with a +0 club. Terence closely misses you.
The rat bites you.
You hit Terence.
Terence looks as sick as possible!
Terence is lightly wounded.
The goblin hits you with a +0 club. Terence completely misses you.
The rat bites you.
You hit Terence but do no damage.
Terence looks as sick as possible!
Terence is lightly wounded.
The goblin misses you. Terence hits you with a +0 flail.
The rat barely misses you.
You barely miss Terence.
Terence is lightly wounded.
The goblin barely misses you. Terence hits you with a +0 flail.
The rat bites you. The rat attacks as you move away! The rat misses you.
The goblin attacks as you move away! The goblin completely misses you.
You closely miss Terence.
Terence is heavily wounded.
The goblin completely misses you. Terence hits you with a +0 flail.
You hit Terence but do no damage.
Terence looks as sick as possible!
Terence is heavily wounded.
The goblin hits you but does no damage. Terence hits you with a +0 flail.
* * * LOW HITPOINT WARNING * * *
You barely miss the goblin. The goblin hits you but does no damage.
Terence hits you with a +0 flail!
You die...

.. ........# .. ...........####[.
#...........<... ...
###..#......#..... ...
................. #..
#................###.#
..#...##.........##.#
#.##..rg@......#.##.#
###.##..$@............# #
#........##.#.###.....# >.
#.#.............####..#.###
##..#.#............##.##..#...##
.##...........#.....#..........#
..#####.......###.....#.#.#....##
..## #.................#.#......
...####...............#..........


You could see Terence (extremely poisoned), a goblin and a rat.

Vanquished Creatures
  4 dart slugs
  4 endoplasms
  2 giant cockroaches (D:1)
  A goblin (D:1)
  4 hobgoblins
  3 jackals (D:1)
  5 kobolds
  A quokka (D:1)
  3 ball pythons (D:1)
  4 bats
  2 frilled lizards
  A rat (D:1)
34 creatures vanquished.

Notes
Turn   | Place    | Note
-------+----------+-------------------------------------------
     0 | D:1      | voltaire321 the Merfolk Venom Mage began the quest for the
                  | Orb.
     0 | D:1      | Reached XP level 1. HP: 13/13 MP: 3/3
   102 | D:1      | Reached XP level 2. HP: 15/20 MP: 3/5
   538 | D:1      | Reached XP level 3. HP: 25/25 MP: 4/6
   545 | D:1      | Reached skill level 1 in Fighting
   922 | D:2      | Found a shadowy altar of Dithmenos.
   995 | D:2      | Noticed Terence
  1010 | D:2      | Slain by Terence

Illustrated notes

Levels and vault maps discovered:
D:1:      amcnicky_arrival_blooded_trapdoor, layout_basic
D:2:      layout_rooms, basic_altar, uniq_terence

Skill      XL: |  1  2  3 |
---------------+----------+-----
Dodging        | 3 |  3.1
Fighting       | 1 |  1.1
Transmutations | 2 |  2.2
Armour         | |  0.5
Stealth        | |  2.1
Spellcasting   | |  2.4
Poison Magic   | |  3.6

Action                     || total
---------------------------++-------
  Melee: Short sword       ||    61
         Punch             ||     2
   Cast: Sting             ||    26
   Stab: Sleeping          ||     2
 Armour: Robe              ||     6
  Dodge: Dodged            ||    43

Table legend: (Time is in decaauts)
 A = Elapsed time spent in this place.
 B = Non-inter-level travel time spent in this place.
 C = Inter-level travel time spent in this place.
 D = Time resting spent in this place.
 E = Time spent auto-exploring this place.
 F = Levels seen in this place.
 G = Mean time per level.
                   A        B        C        D        E       F      G
               +--------+--------+--------+--------+--------+-----+--------+
         Total |   1009 |    979 |     30 |     73 |    629 |   2 |  504.5 |
       Dungeon |   1009 |    979 |     30 |     73 |    629 |   2 |  504.5 |
               +--------+--------+--------+--------+--------+-----+--------+

Top non-repeatable levels by time:
     D:1: 766 daAuts
     D:2: 242 daAuts
